 Dungeon Crawl Stone Soup version 0.27-a0-597-g524d869a0f (webtiles) character file.

Game seed: 8157442753989082568

14 siradein the Cutter (level 2, 12/22 HPs)
             Began as a Vampire Gladiator on Mar 11, 2021.
             Quit the game on level 1 of the Dungeon.
             The game lasted 00:01:26 (178 turns).

siradein the Cutter (Vampire Gladiator)              Turns: 178, Time: 00:01:27

Health: 12/22      AC:  4    Str: 13    XL:     2   Next: 27%
Magic:  2/2        EV: 12    Int: 10    God:
Gold:   9          SH:  0    Dex: 15    Spells: 1/1 levels left

rFire    . . .     SeeInvis +   a - +0 rapier
rCold    . . .     Faith    .   (no shield)
rNeg     . . .     Spirit   .   b - +0 leather armour
rPois    .         Reflect  .   c - +0 helmet
rElec    .         Harm     .   (no cloak)
rCorr    .         Rampage  .   (no gloves)
Will     .....                  (no boots)
Stlth    +.........             (no amulet)
HPRegen  0.27/turn              (no ring)
MPRegen  0.08/turn              (no ring)

@: regenerating quickly
A: fangs 3, see invisible, unbreathing 1, vampiric 1
a: Exsanguinate


You were on level 1 of the Dungeon.
You visited 1 branch of the dungeon, and saw 1 of its levels.

You collected 9 gold pieces.

Inventory:

Hand Weapons
 a - a +0 rapier (weapon)
Missiles
 d - 3 throwing nets (quivered)
Armour
 b - a +0 leather armour (worn)
 c - a +0 helmet (worn)
Scrolls
 e - a scroll of blinking {unknown}


   Skills:
 - Level 1.7 Fighting
 + Level 4.1 Short Blades
 - Level 1.5 Throwing
 - Level 3.2 Dodging


You had one spell level left.
You didn't know any spells.
Your spell library was empty.

Dungeon Overview and Level Annotations

Branches:
Dungeon (1/15)

Altars:


Innate Abilities, Weirdness & Mutations

Your natural rate of healing is unusually fast.
You have razor-sharp teeth.
You have supernaturally acute eyesight. (SInv)
You can survive without breathing.
You are afflicted with vampirism.


Message History

The bat hits you but does no damage. The bat barely misses you.
A hobgoblin comes into view.
You hit the dart slug.
You kill the dart slug!
The bat closely misses you.
A goblin comes into view. It is wielding a +0 dagger.
The bat hits you but does no damage.
Your Short Blades skill increases to level 4!
You have reached level 2!
You hit the goblin. You bite the goblin.
You kill the goblin!
The bat misses you. The rat misses you. The bat closely misses you.
The bat barely misses you.
Things that are here:
a +0 club; a goblin corpse You hit the rat but do no damage.
You bite the rat.
You kill the rat!
You barely miss the goblin. The bat barely misses you. x2
The goblin barely misses you. The bat hits you but does no damage.
You hit the goblin.
You kill the goblin!
The bat hits you but does no damage. The bat barely misses you.
The hobgoblin hits you.
You see here a +0 dagger.
The bat misses you. The hobgoblin closely misses you.
The bat closely misses you. The bat barely misses you. The hobgoblin hits you.
Things that are here:
a +0 club; a goblin corpse The bat hits you but does no damage.
You barely miss the hobgoblin. The bat closely misses you.
The hobgoblin closely misses you.
You hit the hobgoblin but do no damage. The bat misses you.
The hobgoblin hits you.
You barely miss the hobgoblin. The bat misses you.
The bat hits you but does no damage. The hobgoblin closely misses you.
You hit the hobgoblin.
The hobgoblin is almost dead.
The hobgoblin hits you but does no damage.
The bat hits you but does no damage.
Are you sure you want to abandon this character and quit the game? (Confirm with "yes".)

## ### ... [. . #..
..#.. #.#.# ..#. .#.##
... ### ... .. # ##.
##.###.# .#.###. #...
##.#>##.###b......
#...###.###..).g@#
#........#.##..#.#
#...####..# #..#.#
......†...# #.....
.......)..# #.##...
.........## #.#####...K
#........# ##.#####....
#...########≈≈≈≈≈≈≈≈≈≈##
#...# ##≈≈≈≈≈≈≈≈≈≈≈≈##


You could see a hobgoblin and a bat.

Vanquished Creatures
  A dart slug (D:1)
  A leopard gecko (D:1)
  A giant cockroach (D:1)
  2 goblins (D:1)
  A hobgoblin (D:1)
  A kobold (D:1)
  A bat (D:1)
  2 rats (D:1)
10 creatures vanquished.

Notes
Turn   | Place    | Note
-------+----------+-------------------------------------------
     0 | D:1      | siradein the Vampire Gladiator began the quest for the Orb.
     0 | D:1      | Reached XP level 1. HP: 16/16 MP: 1/1
   162 | D:1      | Reached skill level 4 in Short Blades
   162 | D:1      | Reached XP level 2. HP: 16/22 MP: 2/2
   178 | D:1      | Quit the game

Illustrated notes

Levels and vault maps discovered:
D:1:      nzn_arrival_water_spiral, layout_loops_cross, chequers_avenue,
          dk_noncrumbling_4

Skill      XL: |  1 |
---------------+----+-----
Short Blades   | 4 |  4.1
Fighting       | |  1.7
Throwing       | |  1.5
Dodging        | |  3.2

Action                   || total
-------------------------++-------
Melee: Rapier            ||    37
       Bite              ||     6
Armor: Leather armour    ||    26
Dodge: Dodged            ||    50

Table legend: (Time is in decaauts)
 A = Elapsed time spent in this place.
 B = Non-inter-level travel time spent in this place.
 C = Inter-level travel time spent in this place.
 D = Time resting spent in this place.
 E = Time spent auto-exploring this place.
 F = Levels seen in this place.
 G = Mean time per level.
                   A        B        C        D        E       F      G
               +--------+--------+--------+--------+--------+-----+--------+
         Total |    178 |    178 |      0 |      0 |     82 |   1 |  178.0 |
       Dungeon |    178 |    178 |      0 |      0 |     82 |   1 |  178.0 |
               +--------+--------+--------+--------+--------+-----+--------+

Top non-repeatable levels by time:
     D:1: 178 daAuts
